 Dungeon Crawl Stone Soup version 0.28-a0-79-g444c7a33f5 (webtiles) character file.

Game seed: 6792033396762411744

1189 lunkers the Magician (level 8, 0/60 HPs)
             Began as a Djinni Venom Mage on Aug 3, 2021.
             Was an Initiate of Cheibriados.
             Slain by a lemure (3 damage)
             ... led by Pikel
             ... on level 5 of the Dungeon.
             The game lasted 00:10:44 (6536 turns).

lunkers the Magician (Djinni Venom Mage)            Turns: 6536, Time: 00:10:45

Health: 0/60       AC:  4    Str:  8    XL:     8   Next: 71%
Gold:   182        EV: 12    Int: 21    God:    Cheibriados [......] SH:  0 Dex: 14

rFire   + + .      SeeInvis .   s - +2 rapier (elec)
rCold   x . .      Faith    .   (no shield)
rNeg    . . .      Spirit   .   a - +0 robe
rPois   ∞          Reflect  .   (no helmet)
rElec   .          Harm     .   d - +1 cloak {Will+}
rCorr   .          Rampage  .   (no gloves)
Will    +....                   (boots unavailable)
Stlth   ++........              (no amulet)
HPRegen 0.20/turn               (no ring)
MPRegen 0.00/turn               (no ring)

@: flying, slow
A: sickness immunity, fire resistance 2, cold vulnerability 1, float, innate
caster, hp casting, extra vitality 1
a: Renounce Religion, Bend Time


You were on level 5 of the Dungeon.
You worshipped Cheibriados.
Cheibriados was noncommittal.
You visited 1 branch of the dungeon, and saw 5 of its levels.

You collected 182 gold pieces.

Inventory:

Hand Weapons
 p - a +0 spear
 r - a +1 halberd of protection
 s - a +2 rapier of electrocution (weapon)
Armour
 a - a +0 robe (worn)
 d - a +1 cloak of willpower (worn)
Wands
 m - a wand of iceblast (11)
 o - a wand of paralysis (4)
Scrolls
 b - 10 scrolls of identify {unknown}
 e - a scroll of holy word {unknown}
 f - a scroll of amnesia {unknown}
 h - 2 scrolls of fog {unknown}
 i - 3 scrolls of noise {unknown}
 j - 2 scrolls of fear {unknown}
 k - a scroll of teleportation {unknown}
 t - a scroll of vulnerability {unknown}
Potions
 c - 3 potions of curing {unknown}
 g - a potion of lignification {unknown}
 l - 2 potions of brilliance {unknown}
 n - a potion of cancellation {unknown}
 q - a potion of experience {unknown}
 u - a potion of heal wounds {unknown}


   Skills:
 + Level 5.4 Fighting
 - Level 2.1 Dodging
 - Level 1.5 Stealth
 * Level 6.6 Spellcasting


You had 5 spell levels left.
You knew the following spells:

 Your Spells              Type           Power      Damage    Failure   Level
a - Poisonous Vapours     Pois/Air       68%        N/A       1%          2
b - Sting                 Tmut/Pois      100%       1d8       1%          1
c - Mephitic Cloud        Conj/Pois/Air  34%        N/A       1%          3
d - Olgreb's Toxic Radia  Pois           34%        N/A       6%          4
e - Foxfire               Conj/Fire      100%       2x1d9     1%          1
f - Wereblood             Tmut           34%        N/A       1%          2
g - Static Discharge      Conj/Air       34%        N/A       1%          2
Your spell library was empty.

Dungeon Overview and Level Annotations

Branches:
Dungeon (5/15)
 Temple: D:4-7

Altars:
Cheibriados
Okawaru
Trog
Vehumet
Yredelemnul

Annotations:
D:3 1 runed translucent door, Harkinian2's ghost, amateur MiMo
D:5 Pikel


Innate Abilities, Weirdness & Mutations

You are immune to sickness and miasma.
You are immune to poison.
Your flesh is very heat resistant. (rF++)
You are vulnerable to cold. (rC-)
You float through the air rather than walking.
You learn spells naturally, not from books.
Your magical power is your life essence.
You have superior vitality. (+4 HP)


Message History

Aim: an ogre, wielding a +0 giant spiked club (severely wounded, very poisoned) Poisonous vapours surround the ogre!
The ogre looks as sick as possible!
* * * LOW HITPOINT WARNING * * *
The lemure hits you.
* * * LOW HITPOINT WARNING * * *
Casting: Poisonous Vapours (safe; 1% risk of failure)
Confirm with . or Enter, or press ? or * to list all spells.
Okay, then.
You kill the ogre!
Cheibriados appreciates the change of pace.
The lemure barely misses you.
Casting: Poisonous Vapours (safe; 1% risk of failure)
Confirm with . or Enter, or press ? or * to list all spells.
Aiming: Poisonous Vapours (safe; 1% risk of failure)
Press: ? - help, Dir - move target, f - ogre
Aim: an ogre, wielding a +0 giant club Poisonous vapours surround the ogre!
The ogre is poisoned.
The lemure shouts!
* * * LOW HITPOINT WARNING * * *
The lemure hits you.
* * * LOW HITPOINT WARNING * * *
Casting: Poisonous Vapours (safe; 1% risk of failure)
Confirm with . or Enter, or press ? or * to list all spells.
Aiming: Poisonous Vapours (safe; 1% risk of failure)
Press: ? - help, Dir - move target, f/p - ogre
Aim: an ogre, wielding a +0 giant club (very poisoned) Poisonous vapours surround the ogre!
The ogre looks as sick as possible!
* * * LOW HITPOINT WARNING * * *
The lemure hits you but does no damage.
Unknown command.
Unknown command.
Casting: Poisonous Vapours (safe; 1% risk of failure)
Confirm with . or Enter, or press ? or * to list all spells.
Aiming: Poisonous Vapours (safe; 1% risk of failure)
Press: ? - help, Dir - move target, f/p - ogre
Aim: an ogre, wielding a +0 giant club (lightly wounded, extremely poisoned) Poisonous vapours surround the ogre!
The ogre looks as sick as possible!
* * * LOW HITPOINT WARNING * * *
The lemure hits you.
You die...

####.###.##......[....##.##.#.#.#
........................>##.#.#..
####..##.##.###############'#.###
# #..##....# #.........
####..######## #.....####
.............# #........#
#####........# #......#.#
#####........###### ####.#<#.#
#...............@.# #.###.#
..###........####5# #....†.
.............# #O# #####.#
##..#..##..### #K# #....
#..###..##..# #5# #####.#.# #..#
#..###.# #.# #........ #.#####.#
#.# #5# #.......# ####8######.#
#5# #........ 8_.._.._8##.#####.#
#.......#


You could see Pikel, an ogre (extremely poisoned) and 4 lemures.

Vanquished Creatures
  A hornet (D:5)
  Grinder (D:5)
  Eustachio (D:4)
  Edmund (D:4)
  2 ogres
  A necrophage (D:5)
  A howler monkey (D:4)
  An iguana (D:5)
  Natasha (twice) (D:2)
  5 gnolls
  6 adders
  2 adder skeletons (D:4)
  3 worms
  An orc (D:4)
  3 endoplasms
  5 giant cockroaches
  10 goblins
  8 hobgoblins
  2 jackals (D:4)
  A quokka (D:4)
  9 ball pythons
  5 bats
  2 frilled lizards
  A jackal skeleton (D:4)
  9 kobolds
  3 rats
  A spectral orc (D:3)
87 creatures vanquished.

Notes
Turn   | Place    | Note
-------+----------+-------------------------------------------
     0 | D:1      | lunkers the Djinni Venom Mage began the quest for the Orb.
     0 | D:1      | Reached XP level 1. HP: 15/15 MP: 0/0
   405 | D:1      | Reached XP level 2. HP: 19/22 MP: 0/0
   596 | D:1      | Reached skill level 1 in Fighting
   596 | D:1      | Reached XP level 3. HP: 23/27 MP: 0/0
   596 | D:1      | Learned a level 1 spell: Foxfire
   659 | D:1      | Reached skill level 3 in Spellcasting
  1046 | D:1      | Found a faded altar of an unknown god.
  1337 | D:2      | Noticed Natasha
  1346 | D:2      | Killed Natasha
  1347 | D:2      | Reached XP level 4. HP: 16/33 MP: 0/0
  2011 | D:2      | Noticed Natasha
  2019 | D:2      | Killed Natasha
  2028 | D:2      | Reached XP level 5. HP: 19/38 MP: 0/0
  2028 | D:2      | Learned a level 2 spell: Wereblood
  2874 | D:3      | Found a runed translucent door.
  2876 | D:3      | Noticed Harkinian2's ghost (amateur MiMo)
  3073 | D:3      | Found a basalt altar of Yredelemnul.
  3511 | D:4      | Reached skill level 4 in Spellcasting
  4433 | D:4      | Reached XP level 6. HP: 24/45 MP: 0/0
  4861 | D:5      | Entered Level 5 of the Dungeon
  4866 | D:5      | Noticed Eustachio
  4882 | D:4      | Killed Eustachio
  4883 | D:4      | Reached XP level 7. HP: 23/50 MP: 0/0
  4883 | D:4      | Learned a level 2 spell: Static Discharge
  5105 | D:5      | Noticed Edmund
  5134 | D:4      | Killed Edmund
  5135 | D:4      | Reached skill level 5 in Spellcasting
  5756 | D:5      | Noticed a hornet
  5763 | D:5      | Killed a hornet
  5764 | D:5      | Reached XP level 8. HP: 4/58 MP: 0/0
  6114 | D:5      | Reached skill level 6 in Spellcasting
  6274 | D:5      | Noticed Grinder
  6285 | D:5      | Killed Grinder
  6286 | D:5      | Reached skill level 5 in Fighting
  6411 | D:5      | Found a bloodstained altar of Trog.
  6411 | D:5      | Found a snail-covered altar of Cheibriados.
  6421 | D:5      | Became a worshipper of Cheibriados the Contemplative
  6485 | D:5      | Found an iron altar of Okawaru.
  6499 | D:5      | Noticed Pikel
  6536 | D:5      | Slain by a lemure

Illustrated notes

Levels and vault maps discovered:
D:1:      minmay_arrival_three_doors, layout_rooms,
          chequers_ecumenical_altar_lobes
D:2:      layout_basic, minmay_misc_feat_chi, uniq_natasha
D:3:      layout_basic, yredelemnul_forgotten_temple_becter,
          ebering_ghost_reflecting_pool, minmay_misc_feat_columns
D:4:      layout_basic
D:5:      layout_basic, okawaru_trees_2, gammafunk_temple_overflow_claw,
          gammafunk_ghost_cemetery, uniq_grinder, uniq_eustachio, uniq_pikel,
          uniq_edmund

Skill      XL: |  1  2  3  4  5  6  7  8 |
---------------+-------------------------+-----
Fighting       | 1 2 3 4 5 |  5.4
Spellcasting   | 3 4 5 6 |  6.6
Dodging        | |  2.1
Stealth        | |  1.5

Action                   |  1- 3 |  4- 6 |  7- 9 || total
-------------------------+-------+-------+-------++-------
Melee: Unarmed           |       |    30 |       ||    30
       Spear             |       |    13 |       ||    13
       Halberd           |       |     2 |       ||     2
       Rapier            |       |       |    18 ||    18
 Cast: Sting             |    53 |    89 |       ||   142
       Poisonous Vapours |       |    41 |    36 ||    77
Evoke: Wand              |       |       |     3 ||     3
 Stab: Sleeping          |       |     1 |       ||     1
       Paralysed         |       |       |     6 ||     6
Armor: Robe              |     3 |    22 |     6 ||    31
Dodge: Dodged            |     7 |    47 |    19 ||    73

Table legend: (Time is in decaauts)
 A = Elapsed time spent in this place.
 B = Non-inter-level travel time spent in this place.
 C = Inter-level travel time spent in this place.
 D = Time resting spent in this place.
 E = Time spent auto-exploring this place.
 F = Levels seen in this place.
 G = Mean time per level.
                   A        B        C        D        E       F      G
               +--------+--------+--------+--------+--------+-----+--------+
         Total |   6572 |   6475 |     97 |    794 |   4883 |   5 | 1314.4 |
       Dungeon |   6572 |   6475 |     97 |    794 |   4883 |   5 | 1314.4 |
               +--------+--------+--------+--------+--------+-----+--------+

Top non-repeatable levels by time:
     D:4: 2237 daAuts
     D:2: 1309 daAuts
     D:1: 1131 daAuts
     D:5: 1000 daAuts
     D:3: 893 daAuts
